Map: [ESL] Oceanborn

Players

Jieshi - Winner!

  • Race: Protoss Protoss
  • Spawn Location: 11:00

Coffee

  • Race: Terran Terran
  • Spawn Location: 5:00

Event: ESL SC2 Masters 2024 Spring (Regional)

VOD

Have the link to the VOD?

Description

Time

  • Played on: April 14, 2024, 6:38 a.m.
  • Length: 15:10

All games in this series

Show
View Real Time Build Order
Export as new Build Order

Jieshi Protoss - Winner!

Build Orders: 1 Gate Expand, Blink Stalkers, Colossus Rush 

Get SALT Encoding   

  12  0:00  Probe  
  13  0:12  Probe  
  14  0:17  Pylon  
  14  0:24  Probe (Chrono Boost)  
  15  0:36  Probe (Chrono Boost)  
  15  0:37  Gateway  
  16  0:44  Probe (Chrono Boost)  
  16  0:46  Assimilator  
  17  0:51  Probe  
  18  1:03  Probe  
  19  1:15  Probe  
  20  1:24  Cybernetics Core  
  20  1:31  Nexus  
  20  1:37  Pylon  
  20  1:41  Probe  
  21  1:47  Assimilator  
  21  1:53  Probe  
  22  1:57  Adept (Chrono Boost)  
  22  2:00  Warp Gate  
  24  2:05  Probe  
  25  2:15  Twilight Council  
  25  2:17  Probe  
  26  2:23  Stalker (Chrono Boost)  
  29  2:30  Probe  
  29  2:41  Gateway  
  29  2:43  Probe (Chrono Boost)  
  31  2:45  Probe (Chrono Boost)  
  31  2:48  Blink (Chrono Boost)  
  31  2:56  Probe (Chrono Boost)  
  33  2:59  Probe (Chrono Boost)  
  33  3:00  Probe (Chrono Boost)  
  34  3:08  Probe  
  35  3:13  Probe  
  34  3:20  Probe  
  34  3:26  Probe  
  36  3:27  Robotics Facility  
  36  3:32  Probe  
  36  3:33  Gateway  
  37  3:38  Probe  
  37  3:40  Assimilator  
  37  3:41  Pylon  
  38  3:44  Probe  
  39  3:49  Stalker  
  39  3:50  Stalker, Probe  
  44  3:56  Probe  
  44  4:02  Probe  
  46  4:08  Probe  
  47  4:10  Nexus  
  47  4:12  Stalker  
  47  4:16  Pylon, Observer  
  49  4:18  Stalker  
  52  4:26  Shield Battery  
  52  4:27  Pylon  
  52  4:28  Probe  
  52  4:30  Probe  
  54  4:35  Shield Battery  
  54  4:43  Observer  
  54  4:44  Probe  
  54  4:45  Robotics Bay, Probe  
  56  4:47  Assimilator  
  56  4:49  Stalker  
  59  4:57  Probe x2  
  61  5:01  Pylon  
  61  5:04  Forge  
  61  5:07  Charge  
  61  5:09  Probe x2  
  63  5:15  Immortal (Chrono Boost)  
  63  5:20  Sentry  
  70  5:25  Probe x2 (Chrono Boost)  
  70  5:26  Probe (Chrono Boost)  
  72  5:33  Probe (Chrono Boost)  
  75  5:36  Probe x2 (Chrono Boost)  
  75  5:39  Probe  
  76  5:44  Colossus (Chrono Boost)  
  76  5:45  Probe  
  83  5:51  Pylon, Extended Thermal Lance, Probe  
  83  5:57  Gateway  
  85  5:58  Protoss Ground Weapons Level 1  
  85  5:59  Gateway  
  85  6:01  Sentry  
  85  6:03  Probe  
  87  6:06  Pylon, Gateway  
  87  6:16  Pylon  
  86  6:27  Colossus (Chrono Boost)  
  86  6:28  Zealot x2  
  86  6:31  Gateway  
  86  6:32  Observer, Gateway  
  96  6:34  Pylon  
  96  6:36  Pylon, Photon Cannon  
  96  6:38  Sentry, Probe  
  95  6:49  Zealot x2  
  99  7:04  Zealot x2  
  99  7:05  Zealot x2  
  99  7:07  Pylon  
  107  7:11  Shield Battery, Colossus (Chrono Boost)  
  107  7:14  Shield Battery  
  105  7:16  Photon Cannon  
  105  7:18  Zealot x2  
  101  7:26  Zealot x2, Observer  
  77  7:30  Stalker x2  
  77  7:31  Zealot  
  77  7:34  Zealot  
  85  7:39  Stalker x2  
  84  7:48  Zealot  
  84  7:49  Zealot  
  84  7:51  Zealot  
  90  7:53  Zealot  
  90  7:54  Zealot x2, Pylon, Colossus (Chrono Boost)  
  94  8:06  Zealot  
  94  8:07  Zealot  
  94  8:12  Zealot  
  80  8:17  Observer  
  80  8:19  Sentry  
  70  8:20  Stalker x2  
  70  8:35  Nexus  
  70  8:36  Sentry  
  70  8:38  Colossus (Chrono Boost)  
  70  8:40  Protoss Ground Armor Level 1 (Chrono Boost)  
  78  8:42  Sentry, Stalker  
  82  8:49  Shield Battery  
  82  8:51  Probe  
  82  8:52  Probe  
  84  9:04  Probe x2  
  84  9:06  Templar Archives  
  84  9:08  Zealot x2  
  90  9:18  Colossus (Chrono Boost)  
  90  9:22  Probe x2  
  97  9:31  Zealot x2  
  99  9:35  Pylon  
  101  9:43  High Templar  
  103  9:46  Zealot x3, High Templar  
  111  9:54  Archon, Stalker  
  111  9:55  Zealot  
  111  9:59  Zealot  
  97  10:08  Zealot  
  97  10:09  Zealot x2  
  83  10:15  Zealot  
  83  10:18  Zealot  
  83  10:19  Zealot x2  
  83  10:20  Zealot  
  85  10:25  Immortal (Chrono Boost)  
  89  10:33  High Templar x2  
  89  10:34  Zealot  
  79  10:39  Zealot x4  
  79  10:40  Archon  
  76  10:44  Zealot  
  74  10:56  Zealot  
  76  11:03  Zealot, High Templar x2  
  76  11:04  Zealot  
  82  11:05  Zealot  
  82  11:07  Archon  
  72  11:14  Zealot x2  
  76  11:21  High Templar  
  76  11:33  High Templar, Observer  
  79  11:40  Sentry, Archon, Nexus  
  79  11:42  Zealot  
  83  11:51  Disruptor (Chrono Boost)  
  83  11:59  Zealot x2  
  90  12:18  Nexus  
  90  12:23  High Templar x2  
  90  12:27  Archon  
  94  12:31  Immortal (Chrono Boost)  
  98  12:44  Zealot x2  
  98  12:47  Observer  
  98  12:48  Zealot  
  104  13:03  Zealot x2, High Templar x2  
  104  13:04  Zealot  
  114  13:07  Archon  
  114  13:09  Stalker  
  114  13:12  Stalker  
  118  13:25  Zealot  
  118  13:26  Zealot x3  
  80  13:37  Stalker  
  80  13:40  Stalker x3  
  74  13:43  Colossus (Chrono Boost)  
  68  13:55  Zealot  
  68  13:56  Zealot x2  
  68  13:57  Sentry  
  74  14:03  Zealot, Sentry  
  74  14:08  Zealot  
  80  14:10  Sentry  
  80  14:16  Zealot, Stalker  
  86  14:27  Immortal (Chrono Boost)  
  90  14:35  Stalker  
  90  14:36  Stalker  
  94  14:39  Shield Battery  
  94  14:49  Zealot  
  94  14:50  Zealot x2  
Show
View Real Time Build Order
Export as new Build Order

Coffee Terran 

Build Orders: Cyclone Opening, Reaper Expand 

Get SALT Encoding   

  12  0:00  SCV  
  13  0:12  SCV  
  14  0:17  Supply Depot  
  14  0:24  SCV  
  15  0:39  SCV  
  15  0:40  Barracks  
  16  0:43  Refinery  
  16  0:51  SCV  
  17  1:03  SCV  
  18  1:15  SCV  
  19  1:28  Orbital Command, Reaper  
  20  1:39  Command Center  
  20  1:47  Supply Depot  
  20  1:53  SCV  
  21  1:59  Marine  
  22  2:06  SCV, Factory  
  23  2:17  Marine  
  23  2:18  SCV  
  25  2:24  Barracks  
  25  2:30  SCV, Refinery  
  25  2:35  Marine  
  27  2:42  SCV  
  28  2:50  Cyclone  
  30  2:55  Barracks Reactor, Orbital Command  
  30  2:56  SCV  
  31  3:05  Barracks  
  31  3:12  Barracks Tech Lab  
  30  3:14  SCV  
  31  3:21  SCV  
  31  3:24  Factory Tech Lab  
  31  3:26  SCV  
  33  3:31  Stimpack, Marine  
  34  3:35  SCV  
  34  3:38  Supply Depot  
  34  3:39  Marine x2  
  34  3:40  SCV  
  38  3:45  Siege Tank  
  38  3:47  SCV  
  42  3:50  Marine  
  42  3:54  SCV  
  44  3:59  SCV, Marine  
  44  4:00  Marine x2  
  44  4:01  Supply Depot  
  48  4:07  SCV  
  48  4:11  SCV  
  48  4:16  Marine  
  50  4:17  Siege Tank  
  50  4:19  SCV  
  50  4:22  Engineering Bay  
  50  4:23  SCV  
  55  4:24  Refinery  
  55  4:26  Supply Depot  
  55  4:27  Barracks Reactor  
  55  4:31  SCV  
  55  4:35  SCV  
  55  4:36  Marine x3  
  59  4:46  SCV  
  59  4:47  SCV  
  59  4:48  Terran Infantry Weapons Level 1, Supply Depot  
  61  4:56  Starport  
  61  4:58  SCV  
  61  4:59  SCV  
  62  5:03  Factory Reactor, Marine x2  
  62  5:04  Marine x2  
  66  5:08  Marine  
  66  5:10  SCV  
  66  5:11  SCV  
  68  5:15  Supply Depot  
  68  5:18  Combat Shield  
  68  5:23  SCV  
  68  5:26  Marine x2  
  68  5:27  Marine x3  
  74  5:32  Supply Depot  
  74  5:33  Supply Depot  
  73  5:45  Siege Tank  
  73  5:46  Supply Depot, Marine x3  
  78  5:53  Medivac x2, Marine x2  
  78  5:54  SCV  
  85  5:57  Supply Depot  
  85  5:58  SCV  
  86  6:10  Barracks  
  86  6:12  Barracks  
  86  6:16  Marine x4  
  86  6:17  Marine  
  91  6:25  Supply Depot  
  90  6:26  Supply Depot  
  90  6:30  SCV x2  
  92  6:34  Marine x3  
  92  6:39  Medivac x2  
  93  6:50  Marine x2  
  93  6:51  Siege Tank  
  92  7:03  Marine x3  
  92  7:07  Marine  
  95  7:09  Marauder  
  92  7:19  Marine  
  92  7:20  Marine x2  
  84  7:28  Marine  
  77  7:30  Marauder  
  77  7:34  Marine x2  
  80  7:37  Marine  
  80  7:40  Marine x2  
  83  7:46  Siege Tank  
  83  7:48  SCV x2  
  88  8:00  SCV x2  
  83  8:10  Marauder  
  83  8:12  SCV x2, Marine  
  67  8:18  Siege Tank, Marine x2  
  69  8:21  Marine x2  
  69  8:24  SCV  
  69  8:28  SCV  
  69  8:29  Viking  
  69  8:30  Marine  
  72  8:35  Concussive Shells, Marauder  
  72  8:36  SCV  
  72  8:40  SCV  
  72  8:41  Barracks Tech Lab x2  
  76  8:43  Terran Infantry Armor Level 1  
  76  8:47  Marine x2  
  77  8:52  Siege Tank  
  80  8:59  Marauder, Missile Turret, Viking x2  
  80  9:02  Marauder  
  87  9:06  Marauder  
  89  9:10  Marine x4  
  89  9:15  SCV x2  
  95  9:23  Marauder  
  95  9:24  Siege Tank  
  100  9:30  Medivac x2  
  104  9:37  SCV x2  
  106  9:39  Marauder  
  106  9:43  Marine  
  109  9:49  SCV x2  
  109  9:56  Marauder  
  111  10:05  Marauder x2  
  73  10:18  Marine  
  73  10:20  SCV  
  73  10:24  Marauder  
  75  10:34  Marauder  
  69  10:38  SCV  
  69  10:42  Marine  
  70  10:49  Marine  
  71  10:55  Marauder  
  71  10:56  SCV  
  70  11:09  Marauder x2  
  70  11:10  Marine x2  
  63  11:20  Marauder  
  63  11:21  Marine  
  63  11:24  SCV x2  
  64  11:29  Marine x2  
  61  11:36  Marine x2  
  61  11:37  Marine  
  65  11:43  Marine  
  65  11:46  Marine  
  66  11:47  Siege Tank, Marine  
  70  11:59  Marine x2  
  70  12:00  Liberator  
  75  12:04  Liberator  
  75  12:05  Marine  
  79  12:08  Marine  
  79  12:13  Marine x2  
  81  12:17  Marine  
  81  12:19  SCV  
  83  12:23  SCV  
  83  12:29  Marine x2  
  86  12:31  Marine x2  
  86  12:34  Marine  
  89  12:39  Marine x2  
  91  12:47  Marine  
  91  12:49  SCV x2  
  91  12:50  Marine x2  
  96  12:59  Marauder  
  96  13:01  SCV  
  96  13:02  Marine  
  100  13:11  Marine  
  101  13:14  SCV  
  101  13:26  Marine  
  79  13:27  Marine x2  
  51  13:40  Marine x3  
  47  13:49  Marine  
  47  13:53  Marine  
  47  14:02  Marauder  
  46  14:03  SCV  
  46  14:05  Marine  
  48  14:10  SCV  
  48  14:16  SCV  
  50  14:17  Marine  
  51  14:25  Marine x2  
  51  14:28  Marine  
  51  14:29  Marine  
  55  14:34  Marine x2  
  55  14:38  Marine  
  57  14:42  SCV  
Tags
 
Add a new tag
Caveats
  • Supply blocks, unpowered buildings, or Contaminate may cause inaccurate times.
  • Supply counts are checked every 10 seconds.